 Dungeon Sprint DCSS version 0.31-a0-691-g409c26aa35 (webtiles) character file.

Game seed: 616578419041032201

1984 sircluck the Grappler (level 9, -7/153 HPs)
             Began as a Troll Berserker on Sept 6, 2023.
             Was the Champion of Trog.
             Mangled by a hell rat (9 damage)
             ... in the Dungeon (Sprint VII: "The Pits").
             The game lasted 00:01:59 (705 turns).

sircluck the Grappler (Troll Berserker)              Turns: 705, Time: 00:02:00

Health: -7/153     AC:  4    Str: 31    XL:     9   Next: 1%
Magic:  8/8        EV: 12    Int:  3    God:    Trog [******]
Gold:   0          SH:  0    Dex:  9    Spells: 8/8 levels left

rFire   . .          .
                       - Unarmed
rCold   . . .        (no shield)
rNeg    . . .        a - +0 animal skin
rPois   .            (helmet restricted)
rElec   .            (no cloak)
rCorr   .            (gloves unavailable)
SInv    .            (boots unavailable)
Will    .....        (no amulet) Stlth
                     (no ring)
HPRegen 1.25/turn    (no ring)
MPRegen 0.11/turn

%: no teleportation
@: berserking, very quick
A: large, unfitting armour, claws 3, regeneration 1, shaggy fur 1, tough skin 1
a: Renounce Religion, Berserk, Trog's Hand, Brothers in Arms


You were in the Dungeon.
You worshipped Trog.
Trog was exalted by your worship.
You visited 1 branch

Inventory:

Armour
 a - a +0 animal skin (worn)
Jewellery
 k - a +3 ring of intelligence
 l - a +3 ring of evasion
Scrolls
 i - 2 scrolls of vulnerability
 j - a scroll of summoning
Potions
 b - 7 potions of curing
 c - 5 potions of heal wounds
 d - 2 potions of haste
 e - 4 potions of magic
 f - 4 potions of berserk rage
 h - 2 potions of invisibility
 m - a potion of might
 n - a potion of mutation


   Skills:
 + Level 10.4 Fighting
 + Level 10.2 Dodging
 + Level 12.1 Unarmed Combat


You had 8 spell levels left.
You didn't know any spells.
Your spell library was empty.

Dungeon Overview and Level Annotations

Branches:
Dungeon (1/1)

Altars:
Ashenzari
Cheibriados
Dithmenos
Elyvilon
Fedhas
Gozag
Hepliaklqana
Kikubaaqudgha
Makhleb
Nemelex Xobeh
Okawaru
Qazlal
Ru
Sif Muna
Trog
Uskayaw
Vehumet
Wu Jian
Xom
Yredelemnul
Zin
The Shining One
Jiyva
Lugonu


Innate Abilities, Weirdness & Mutations

You are too large for most types of armour.
You have claws for hands.
Your natural rate of healing is unusually fast.
You are covered in fur. (AC +1)
You have tough skin. (AC +1)


Message History

The deep troll claws you.
* * * LOW HITPOINT WARNING * * *
The deep troll claws you but does no damage.
The hell rat bites you.
* * * LOW HITPOINT WARNING * * *
Blink to where?
Press: ? - help, Q - select action, (/) - cycle Dir - move target
As you read the scroll of blinking, it crumbles to dust.
You feel much better.
You feel much better. The hell rat barely misses you.
The deep troll bites you!! The deep troll claws you! The deep troll claws you.
You barely miss the deep troll.
The deep troll is severely wounded.
The hell rat closely misses you. The deep troll bites you!!
* * * LOW HITPOINT WARNING * * *
The deep troll claws you.
* * * LOW HITPOINT WARNING * * *
The deep troll claws you but does no damage.
The hell rat attacks as it pursues you! The hell rat bites you.
* * * LOW HITPOINT WARNING * * *
You feel much better. The hell rat misses you.
The deep troll bites you but does no damage.
The deep troll claws you!
* * * LOW HITPOINT WARNING * * *
The deep troll claws you!
* * * LOW HITPOINT WARNING * * *
A red film seems to cover your vision as you go berserk!
You feel yourself moving faster!
You feel mighty! The hell rat misses you. The deep troll bites you!
* * * LOW HITPOINT WARNING * * *
The deep troll claws you.
* * * LOW HITPOINT WARNING * * *
The deep troll barely misses you.
You mangle the deep troll!!
You kill the deep troll!
Trog accepts your kill.
The troll leather armour is intact enough to wear.
The hell rat bites you!
You die...

..#[[##................#
..#))#####'#####''######
###))##.......##''#####
..#))##.......##......#
..#..##.......##....###
†##'###...<...##...##
.....##.......##..##
.....##.......##..#
#######.......##@.#
..#..###########r[+
..#.############..#
..#)#....#..[[##..#
#.#)#....#..[[##..##
..#)†....'..))##...##
..#'#....#!.))##....#
..')#....#!.))##......#
#######################


You could see a hell rat.

Vanquished Creatures
  A death yak (D)
  A deep troll (D)
  A ynoxinul (D)
  A redback (D)
  Edmund (D)
  4 floating eyes (D)
  An orc warrior (D)
  An ice beast (D)
  A necrophage (D)
  A scorpion (D)
  4 killer bees (D)
  A jelly (D)
  An orc priest (D)
  2 orc wizards (D)
  A mummy (D)
  A river rat (D)
  7 orcs (D)
  An endoplasm (D)
  2 giant cockroaches (D)
  A goblin (D)
  A frilled lizard (D)
35 creatures vanquished.

Notes
Turn   | Place    | Note
-------+----------+-------------------------------------------
     0 | D        | sircluck the Troll Berserker began the quest for the Orb.
     0 | D        | Reached XP level 1. HP: 22/22 MP: 0/0
   228 | D        | Reached XP level 2. HP: 21/31 MP: 1/1
   256 | D        | Found a bloodstained altar of Trog.
   256 | D        | Found a shimmering blue altar of Sif Muna.
   256 | D        | Found a viscous altar of Jiyva.
   256 | D        | Found a hazy altar of Hepliaklqana.
   256 | D        | Found an opulent altar of Gozag.
   257 | D        | Found a glowing golden altar of the Shining One.
   257 | D        | Found a glowing silver altar of Zin.
   257 | D        | Found a basalt altar of Yredelemnul.
   257 | D        | Found a shimmering altar of Xom.
   257 | D        | Found an ornate altar of the Wu Jian Council.
   257 | D        | Found a sacrificial altar of Ru.
   257 | D        | Found a stormy altar of Qazlal.
   257 | D        | Found an iron altar of Okawaru.
   257 | D        | Found a sparkling altar of Nemelex Xobeh.
   257 | D        | Found a burning altar of Makhleb.
   257 | D        | Found a blossoming altar of Fedhas.
   257 | D        | Found a white marble altar of Elyvilon.
   257 | D        | Found a shadowy altar of Dithmenos.
   257 | D        | Found a snail-covered altar of Cheibriados.
   262 | D        | Noticed a floating eye
   266 | D        | Killed a floating eye
   267 | D        | Reached skill level 5 in Fighting
   267 | D        | Reached skill level 5 in Dodging
   267 | D        | Reached skill level 6 in Unarmed Combat
   267 | D        | Reached XP level 3. HP: 42/42 MP: 2/2
   267 | D        | Reached XP level 4. HP: 50/50 MP: 3/3
   268 | D        | Reached ** piety under Trog
   274 | D        | Found a radiant altar of Vehumet.
   274 | D        | Found a corrupted altar of Lugonu.
   275 | D        | Found an ancient bone altar of Kikubaaqudgha.
   275 | D        | Found a hide-covered altar of Uskayaw.
   275 | D        | Found a broken altar of Ashenzari.
   302 | D        | Noticed a floating eye
   303 | D        | Noticed a floating eye
   303 | D        | Noticed a floating eye
   303 | D        | Noticed a scorpion
   305 | D        | Killed a floating eye
   306 | D        | Reached skill level 7 in Unarmed Combat
   306 | D        | Reached XP level 5. HP: 53/59 MP: 4/4
   307 | D        | Reached *** piety under Trog
   307 | D        | Paralysed by a floating eye for 4 turns
   308 | D        | Reached XP level 6. HP: 51/68 MP: 5/5
   314 | D        | Killed a floating eye
   314 | D        | Paralysed by a floating eye for 4 turns
   315 | D        | Reached skill level 8 in Unarmed Combat
   319 | D        | Killed a floating eye
   320 | D        | Reached skill level 9 in Unarmed Combat
   383 | D        | Reached **** piety under Trog
   390 | D        | Reached XP level 7. HP: 75/79 MP: 6/6
   398 | D        | Reached ***** piety under Trog
   422 | D        | Noticed Edmund
   429 | D        | Killed Edmund
   430 | D        | Reached skill level 10 in Unarmed Combat
   454 | D        | Noticed a death yak
   461 | D        | Killed a death yak
   462 | D        | Reached skill level 11 in Unarmed Combat
   462 | D        | Reached XP level 8. HP: 41/92 MP: 7/7
   511 | D        | Received a gift from Trog
   539 | D        | Received a gift from Trog
   540 | D        | Reached skill level 10 in Fighting
   549 | D        | Reached skill level 10 in Dodging
   552 | D        | Reached ****** piety under Trog
   672 | D        | Reached skill level 12 in Unarmed Combat
   672 | D        | Reached XP level 9. HP: 98/102 MP: 8/8
   686 | D        | Noticed a deep troll
   704 | D        | HP: 5/153 [deep troll (10)]
   704 | D        | HP: 2/153 [deep troll (3)]
   705 | D        | Killed a deep troll
   705 | D        | Mangled by a hell rat

Illustrated notes

Levels and vault maps discovered:
D:        pitsprint [storerooms_1, entrance_room_1, metal_vault_6, armoury_1,
          mini_pit_1, grid_room_1, main_hall_1, silver_pit, the_coven_1,
          the_vestibule_1, steel_vault_4, golden_pit, hallway_of_sentries,
          crystal_vault_5, iron_vault_1, final_vault]

Skill      XL: |  1  2  3  4  5  6  7  8 |
---------------+-------------------------+-----
Fighting       | 3 5 6 7 9 10 | 10.4
Dodging        | 3 5 6 7 9 10 | 10.2
Unarmed Combat | 6 7 9 11 12 | 12.1

Action                     |  1- 3 |  4- 6 |  7- 9 || total
---------------------------+-------+-------+-------++-------
  Melee: Unarmed           |    12 |    19 |    73 ||   104
         Punch             |       |     1 |     3 ||     4
 Invoke: Berserk           |       |       |     1 ||     1
    Use: Potion            |       |       |     3 ||     3
         Scroll            |       |       |     1 ||     1
 Armour: Animal skin       |     5 |     5 |    62 ||    72
  Dodge: Dodged            |     3 |       |    52 ||    55

Table legend: (Time is in decaauts)
 A = Elapsed time spent in this place.
 B = Non-inter-level travel time spent in this place.
 C = Inter-level travel time spent in this place.
 D = Time resting spent in this place.
 E = Time spent auto-exploring this place.
 F = Levels seen in this place.
 G = Mean time per level.
                   A        B        C        D        E       F      G
               +--------+--------+--------+--------+--------+-----+--------+
         Total |    687 |    645 |     42 |     67 |    122 |   1 |  687.0 |
       Dungeon |    687 |    645 |     42 |     67 |    122 |   1 |  687.0 |
               +--------+--------+--------+--------+--------+-----+--------+

Top non-repeatable levels by time:
       D: 687 daAuts
